 Dungeon Sprint DCSS version 0.22-a0-414-gacd343e8ff (webtiles) character file.

2952 Denreik the Peltast (level 10, -11/74 HPs)
             Began as a Formicid Fighter on May 13, 2018.
             Was an Elder of Makhleb.
             Mangled by an eight-headed hydra (12 damage)
             ... in the Dungeon (Sprint IX: "|||||||||||||||||||||||||||||").
             The game lasted 00:05:43 (944 turns).

Denreik the Peltast (Formicid Fighter)               Turns: 944, Time: 00:05:44

Health: -11/74     AC: 10    Str: 24    XL:     10   Next: 8%
Magic:  10/10      EV: 10    Int:  8    God:    Makhleb [****..]
Gold:   0          SH: 14    Dex: 10    Spells: 9/9 levels left

rFire    . . .     SeeInvis +   q - +4 quarterstaff (speed)
rCold    + . .     Gourm    .   c - +0 shield
rNeg     . . .     Faith    .   s - +1 chain mail
rPois    .         Spirit   .   (helmet unavailable)
rElec    .         Reflect  .   (no cloak)
rCorr    .         Harm     .   (no gloves)
MR       +....                  (no boots)
Stlth    ..........             (no amulet)
HPRegen  0.22/turn              t - +2 ring of evasion
MPRegen  0.12/turn              w - ring of protection from cold

@: lethally poisoned (-11 -> -12)
A: permanent stasis, dig shafts and tunnels, four strong arms, antennae 3
a: Dig, Minor Destruction, Lesser Servant of Makhleb, Major Destruction,
Renounce Religion


You were in the Dungeon.
You worshipped Makhleb.
Makhleb was greatly pleased with you.
You were not hungry.

You visited 1 branch

Inventory:

Hand Weapons
 a - a +2 scimitar of distortion
 q - a +4 quarterstaff of speed (weapon)
 r - a +0 long sword
Missiles
 x - 24 stones (quivered)
Armour
 b - a +0 scale mail
 c - a +0 shield (worn)
 s - a +1 chain mail (worn)
Magical Staves
 p - an uncursed staff of energy
Jewellery
 t - a +2 ring of evasion (left hand)
 u - a +3 ring of intelligence
 w - a ring of protection from cold (right hand)
Wands
 o - a wand of iceblast (10)
Scrolls
 k - 4 scrolls of blinking
 m - 3 scrolls of remove curse
 n - 2 scrolls of amnesia
 y - a scroll of fear
 z - a scroll of identify
 A - a scroll of fog
Potions
 d - a potion of might
 e - a potion of invisibility
 g - 7 potions of heal wounds
 h - 3 potions of haste
 i - 4 potions of magic
 j - a potion of berserk rage
 l - 4 potions of curing
 v - a potion of agility
Comestibles
 f - a ration


   Skills:
 * Level 5.0 Fighting
 + Level 15.9 Long Blades
 - Level 3.2 Armour
 - Level 16.2 Shields


You had 9 spell levels left.
You didn't know any spells.
Your spell library was empty.

Dungeon Overview and Level Annotations

Branches:
Dungeon (1/1)

Altars:
Cheibriados
Dithmenos
Elyvilon
Fedhas
Gozag
Hepliaklqana
Kikubaaqudgha
Makhleb
Nemelex Xobeh
Okawaru
Qazlal
Ru
Sif Muna
Trog
Uskayaw
Vehumet
Wu Jian
Xom
Yredelemnul
Zin
The Shining One
Beogh
Jiyva
Lugonu


Innate Abilities, Weirdness & Mutations

You cannot be hasted, slowed, berserked, paralysed or teleported.
You can dig through walls and to a lower floor.
Your four strong arms can wield two-handed weapons with a shield.
You have a pair of large antennae on your head. (SInv)


Message History

* * * LOW HITPOINT WARNING * * *
You block the eight-headed hydra's attack. x2
The eight-headed hydra bites you!
* * * LOW HITPOINT WARNING * * *
The eight-headed hydra bites you.
* * * LOW HITPOINT WARNING * * *
The eight-headed hydra bites you.
* * * LOW HITPOINT WARNING * * *
The eight-headed hydra bites you but does no damage.
You block the eight-headed hydra's attack.
The eight-headed hydra bites you but does no damage.
You feel much better.
You feel sick. You block the basilisk's attack.
The eight-headed hydra bites you!
* * * LOW HITPOINT WARNING * * *
The eight-headed hydra barely misses you.
The eight-headed hydra bites you!
* * * LOW HITPOINT WARNING * * *
You block the eight-headed hydra's attack. x2
The eight-headed hydra bites you!
You die... { {{{{{ {{{{{{{{{{{{ {{{{{{{{{{{{ { ▓▓▓▓▓▓▓▓▓▓▓▓▓▓▓▓▓▓▓▓▓▓▓▓ {{{{{{

{ .F{{{Yl@D§.....÷.'......
▓▓▓▓▓▓▓▓▓▓▓▓▓▓▓▓▓▓▓▓▓▓▓▓▓▓▓▓▓▓▓▓▓
.................................
▓▓▓▓▓▓▓▓▓▓▓▓▓▓▓▓▓▓▓▓▓▓▓▓▓▓▓▓▓▓▓▓▓
[[)...'________________________'.
▓▓▓▓▓▓▓▓▓▓▓▓▓▓▓▓▓▓▓▓▓▓▓▓▓▓▓▓▓▓▓▓▓


You could see an eight-headed hydra, a yak and a basilisk.

Vanquished Creatures
  A cyclops (D)
  A hornet (D)
  2 yaks (D)
  A wyvern (D)
  2 water moccasins (D)
  2 porcupines (D)
  An ogre (D)
  3 bullfrogs (D)
  A worker ant (D)
  An adder (D)
  A worm (D)
  A bat (D)
  A bat zombie (D)
  A giant cockroach (D)
  2 hobgoblins (D)
  2 jackals (D)
  A goblin (D)
  A rat (D)
25 creatures vanquished.

Vanquished Creatures (others)
  An unseen horror (shapeshifter) (D)
  An elephant (D)
  A komodo dragon (D)
  An efreet (D)
  A crocodile (D)
  An orc (D)
6 creatures vanquished.

Grand Total: 31 creatures vanquished

Notes
Turn   | Place    | Note
-------+----------+-------------------------------------------
     0 | D        | Denreik the Formicid Fighter began the quest for the Orb.
     0 | D        | Reached XP level 1. HP: 18/18 MP: 1/1
     7 | D        | Reached skill level 4 in Shields
    23 | D        | Reached skill level 5 in Shields
    38 | D        | Noticed a worker ant
    40 | D        | Reached XP level 2. HP: 24/24 MP: 2/2
    61 | D        | Reached skill level 6 in Shields
    61 | D        | Reached XP level 3. HP: 13/29 MP: 3/3
   235 | D        | Found a roughly hewn altar of Beogh.
   235 | D        | Found a snail-covered altar of Cheibriados.
   235 | D        | Found a shadowy altar of Dithmenos.
   235 | D        | Found a white marble altar of Elyvilon.
   235 | D        | Found a blossoming altar of Fedhas.
   235 | D        | Found an opulent altar of Gozag.
   236 | D        | Found a hazy altar of Hepliaklqana.
   237 | D        | Found a viscous altar of Jiyva.
   238 | D        | Found an ancient bone altar of Kikubaaqudgha.
   239 | D        | Found a corrupted altar of Lugonu.
   240 | D        | Found a burning altar of Makhleb.
   241 | D        | Found a sparkling altar of Nemelex Xobeh.
   242 | D        | Found an iron altar of Okawaru.
   243 | D        | Found a stormy altar of Qazlal.
   244 | D        | Found a sacrificial altar of Ru.
   245 | D        | Found a deep blue altar of Sif Muna.
   246 | D        | Found a bloodstained altar of Trog.
   247 | D        | Found a hide-covered altar of Uskayaw.
   248 | D        | Became a worshipper of Makhleb the Destroyer
   249 | D        | Found a radiant altar of Vehumet.
   250 | D        | Found an ornate altar of the Wu Jian Council.
   251 | D        | Found a shimmering altar of Xom.
   252 | D        | Found a basalt altar of Yredelemnul.
   253 | D        | Found a glowing silver altar of Zin.
   254 | D        | Found a glowing golden altar of the Shining One.
   295 | D        | Noticed a bullfrog
   295 | D        | Noticed an ogre
   295 | D        | Noticed a yak
   295 | D        | Noticed a bullfrog
   295 | D        | Noticed a water moccasin
   306 | D        | Killed a bullfrog
   306 | D        | Reached skill level 8 in Shields
   306 | D        | Reached XP level 4. HP: 33/35 MP: 4/4
   306 | D        | Reached XP level 5. HP: 39/41 MP: 5/5
   315 | D        | Killed a yak
   315 | D        | Reached * piety under Makhleb
   315 | D        | Reached skill level 10 in Shields
   315 | D        | Reached XP level 6. HP: 38/47 MP: 6/6
   318 | D        | Killed an ogre
   318 | D        | Reached skill level 10 in Long Blades
   318 | D        | Reached skill level 11 in Shields
   321 | D        | Reached XP level 7. HP: 48/52 MP: 7/7
   333 | D        | Noticed an efreet
   333 | D        | Noticed a cyclops
   333 | D        | Noticed a hornet
   333 | D        | Noticed an unseen horror
   341 | D        | Killed a hornet
   341 | D        | Reached ** piety under Makhleb
   341 | D        | Reached skill level 12 in Shields
   342 | D        | Banished an unseen horror
   342 | D        | Reached skill level 13 in Shields
   342 | D        | Reached XP level 8. HP: 58/58 MP: 8/8
   347 | D        | Killed a cyclops
   347 | D        | Reached skill level 14 in Shields
   347 | D        | Reached XP level 9. HP: 64/64 MP: 9/9
   352 | D        | Banished an efreet
   590 | D        | Reached skill level 15 in Shields
   593 | D        | Reached *** piety under Makhleb
   594 | D        | Noticed an elephant
   624 | D        | Reached **** piety under Makhleb
   641 | D        | Banished an elephant
   641 | D        | Reached skill level 15 in Long Blades
   641 | D        | Reached skill level 16 in Shields
   919 | D        | Noticed a six-headed hydra
   919 | D        | Noticed a komodo dragon
   924 | D        | Noticed a blink frog
   927 | D        | Noticed a black mamba
   934 | D        | Noticed a spiny frog
   935 | D        | Banished a komodo dragon
   935 | D        | Reached XP level 10. HP: 59/73 MP: 10/10
   938 | D        | Reached skill level 5 in Fighting
   944 | D        | HP: 1/74 [eight-headed hydra (11)]
   944 | D        | Mangled by an eight-headed hydra

Vault maps used:
D:        linesprint

Skill      XL: |  1  2  3  4  5  6  7  8  9 10 |
---------------+-------------------------------+-----
Shields        | 5 6 8 10 11 13 14 16 | 16.2
Long Blades    | 4 6 9 10 12 13 15 | 15.9
Fighting       | 4 5 |  5.0
Armour         | |  3.2

Action                   |  1- 3 |  4- 6 |  7- 9 | 10-12 || total
-------------------------+-------+-------+-------+-------++-------
Melee: Long sword        |    45 |       |       |       ||    45
       Scimitar          |    10 |    14 |    74 |     4 ||   102
       Quarterstaff      |       |       |       |     2 ||     2
  Use: Potion            |     1 |       |       |     2 ||     3
Armor: Scale mail        |    11 |       |       |       ||    11
       Chain mail        |     4 |       |    13 |     8 ||    25
Dodge: Dodged            |    16 |     6 |    13 |     4 ||    39
Block: Shield            |    38 |     5 |    31 |    15 ||    89
       Rpst.: Long sword |     5 |       |       |       ||     5
       Scimitar          |       |     2 |     5 |       ||     7

Table legend:
 A = Spawn XP
 B = Non-spawn XP
 C = Spawn XP percentage of total XP
 D = Spawn monster count
 E = Non-spawn monster count
 F = Spawn count percentage of total count
 G = Total turns spent on level
                    A         B        C        D         E        F      G
               +---------+---------+-------+---------+---------+-------+---------
         Total |       0 |    4218 |   0.0 |       0 |      30 |   0.0 |   944
               +---------+---------+-------+---------+---------+-------+---------
             D |       0 |    4218 |   0.0 |       0 |      30 |   0.0 |   944
               +---------+---------+-------+---------+---------+-------+---------
